 Dungeon Crawl Stone Soup version 0.29-a0-542-g075992c915 (webtiles) character file.

Game seed: 16380743234885933619

9 oldriver the Skirmisher (level 2, -6/25 HPs)
             Began as a Palentonga Delver on June 4, 2022.
             Mangled by a bullfrog (7 damage)
             ... on level 3 of the Dungeon.
             The game lasted 00:00:48 (426 turns).

oldriver the Skirmisher (Palentonga Delver)          Turns: 426, Time: 00:00:49

Health: -6/25      AC:  4    Str: 15    XL:     2   Next: 6%
Magic:  2/2        EV:  9    Int: 10    God:
Gold:   16         SH:  0    Dex: 11    Spells: 1/1 levels left

rFire   . . .      SeeInvis +   a - +0 hand axe
rCold   . . .      Faith    .   (no shield)
rNeg    . . .      Spirit   .   b - +0 leather armour
rPois   .          Reflect  .   (no helmet)
rElec   .          Harm     .   (no cloak)
rCorr   .          Rampage  .   (no gloves)
Will    .....                   (no barding)
Stlth   ++........              (no amulet)
HPRegen 0.08/turn               (no ring)
MPRegen 0.08/turn               (no ring)

@: lethally poisoned (-6 -> -11), hasted, very quick
A: large, rugged brown scales 3, see invisible, deformed body, roll 1, armoured
tail
a: Rolling Charge


You were on level 3 of the Dungeon.
You visited 1 branch of the dungeon, and saw 3 of its levels.

You collected 16 gold pieces.

Inventory:

Hand Weapons
 a - a +0 hand axe (weapon)
Armour
 b - a +0 leather armour (worn)
Wands
 g - a wand of digging (3)
Scrolls
 c - a scroll of fog
 d - a scroll of magic mapping
 h - a scroll of identify
 i - 2 scrolls of silence


   Skills:
 + Level 3.6 Fighting
 - Level 2.0 Axes
 - Level 1.5 Dodging
 - Level 3.3 Stealth


You had one spell level left.
You didn't know any spells.
Your spell library was empty.

Dungeon Overview and Level Annotations

Branches:
Dungeon (5/15)
 Temple: D:4-7

Altars:

Annotations:
D:3 Sigmund


Innate Abilities, Weirdness & Mutations

You are completely covered in rugged brown scales. (AC +3, +7% HP)
You have supernaturally acute eyesight. (SInv)
Armour fits poorly on your strangely shaped body.
You can roll at nearby foes to attack.
You have a long armoured tail.


Message History

You slash Sigmund!
Your attack snaps Sigmund out of his fear.
Sigmund is moderately wounded.
You catch the helpless bullfrog completely off-guard!
You hit the bullfrog.
Your attack snaps the bullfrog out of its fear.
The bullfrog hits you. Sigmund closely misses you.
The bullfrog closely misses you.
You hit Sigmund.
Sigmund is heavily wounded.
You hit the bullfrog. The bullfrog barely misses you.
Unknown command.
You hit Sigmund but do no damage.
Sigmund is heavily wounded.
You hit the bullfrog.
Sigmund hits you with a +0 scythe of venom.
* * * LOW HITPOINT WARNING * * *
You are lethally poisoned!
The bullfrog barely misses you.
You hit Sigmund.
Sigmund is heavily wounded.
You barely miss the bullfrog.
* * * LOW HITPOINT WARNING * * *
You feel very sick. The bullfrog barely misses you.
The bullfrog hits you but does no damage.
Sigmund barely misses you.
You hit Sigmund but do no damage.
Sigmund is heavily wounded.
You hit the bullfrog.
* * * LOW HITPOINT WARNING * * *
You feel sick. The bullfrog barely misses you.
Unknown command.
You aren't carrying any potions.
You closely miss Sigmund.
Sigmund is heavily wounded.
You hit the bullfrog but do no damage.
* * * LOW HITPOINT WARNING * * *
You feel sick. The bullfrog hits you!
You die...

############
......รท...>#
##########.#
#.# #.#
##.#####
#..@...#
#.F.@..#
#......#
#......#
........#
.........#
.............
...KB....####
.......)..


You could see Sigmund (invisible), a bullfrog, a giant cockroach (fleeing) and a
kobold (fleeing).

Vanquished Creatures
  An adder (D:3)
1 creature vanquished.

Vanquished Creatures (others)
  6 withered plants (D:5)
6 creatures vanquished.

Grand Total: 7 creatures vanquished

Notes
Turn   | Place    | Note
-------+----------+-------------------------------------------
     0 | D:5      | oldriver the Palentonga Delver began the quest for the Orb.
     0 | D:5      | Reached XP level 1. HP: 19/19 MP: 1/1
   168 | D:3      | Reached XP level 2. HP: 12/25 MP: 2/2
   411 | D:3      | Noticed Sigmund
   411 | D:3      | Noticed a bullfrog
   426 | D:3      | HP: 1/25 [poisoned by Sigmund]
   426 | D:3      | Mangled by a bullfrog

Illustrated notes

Levels and vault maps discovered:
D:3:      layout_basic, uniq_sigmund, uniq_terence
D:4:      layout_basic, minmay_temple_entry_slanted, minmay_hedge_maze
D:5:      layout_basic, kennysheep_mini, serial_shops, nicolae_square_shop,
          dilly_guarded_unrand_morg, uniq_duvessa

Action                   || total
-------------------------++-------
Melee: Hand axe          ||    13
       Tailslap          ||     1
 Abil: Rolling Charge    ||     3
  Use: Scroll            ||     4
       Potion            ||     1
 Stab: Fleeing           ||     1
Armor: Leather armour    ||     7
Dodge: Dodged            ||    17

Table legend: (Time is in decaauts)
 A = Elapsed time spent in this place.
 B = Non-inter-level travel time spent in this place.
 C = Inter-level travel time spent in this place.
 D = Time resting spent in this place.
 E = Time spent auto-exploring this place.
 F = Levels seen in this place.
 G = Mean time per level.
                   A        B        C        D        E       F      G
               +--------+--------+--------+--------+--------+-----+--------+
         Total |    425 |    409 |     16 |    238 |     43 |   3 |  141.7 |
       Dungeon |    425 |    409 |     16 |    238 |     43 |   3 |  141.7 |
               +--------+--------+--------+--------+--------+-----+--------+

Top non-repeatable levels by time:
     D:3: 265 daAuts
     D:4: 94 daAuts
     D:5: 65 daAuts
